 Dungeon Crawl Stone Soup version 0.27.0-1-g7a089689b8 (webtiles) character file.

Game seed: 2662049509767876328

59 Strat the Shield-Bearer (level 3, 0/34 HPs)
             Began as a Deep Dwarf Fighter on Aug 7, 2021.
             Slain by an orc wizard (1 damage)
             ... on level 2 of the Dungeon.
             The game lasted 00:04:23 (888 turns).

Strat the Shield-Bearer (Deep Dwarf Fighter)         Turns: 888, Time: 00:04:23

Health: 0/34       AC:  8    Str: 20    XL:     3   Next: 78%
Magic:  2/2        EV:  9    Int:  8    God:
Gold:   103        SH:  0    Dex: 12    Spells: 2/2 levels left

rFire    . . .     SeeInvis .   a - +0 war axe
rCold    . . .     Faith    .   (no shield)
rNeg     . . .     Spirit   .   b - +0 scale mail
rPois    .         Reflect  .   l - +0 helmet
rElec    .         Harm     .   (no cloak)
rCorr    .         Rampage  .   (no gloves)
Will     .....                  (no boots)
Stlth    ..........             (no amulet)
HPRegen  0.00/turn              (no ring)
MPRegen  0.08/turn              (no ring)

@: confused
A: damage resistance, heal wounds, sense surroundings 1, no regeneration
a: Heal Wounds


You were on level 2 of the Dungeon.
You visited 1 branch of the dungeon, and saw 2 of its levels.

You collected 103 gold pieces.

Inventory:

Hand Weapons
 a - a +0 war axe (weapon)
Missiles
 e - 43 stones
Armour
 b - a +0 scale mail (worn)
 c - a +0 kite shield
 l - a +0 helmet (worn)
Jewellery
 h - a ring of ice
Scrolls
 g - a scroll of teleportation {unknown}
 i - a scroll of vulnerability {unknown}
 j - a scroll of enchant weapon {unknown}
 k - a scroll of blinking {unknown}
Potions
 d - a potion of might
 f - a potion of flight {unknown}


   Skills:
 + Level 3.0 Fighting
 * Level 3.3 Axes
 + Level 3.7 Armour
 + Level 3.7 Shields


You had 2 spell levels left.
You didn't know any spells.
Your spell library was empty.

Dungeon Overview and Level Annotations

Branches:
Dungeon (2/15)

Altars:

Shops:
D:1 *


Innate Abilities, Weirdness & Mutations

You are resistant to damage.
You can heal yourself by infusing magical energy.
You passively map a small area around you.
You do not regenerate.


Message History

You hit the goblin.
The goblin is severely wounded.
You hit something but do no damage.
The orc hits you from afar with a +0 trident.
* * * LOW HITPOINT WARNING * * *
Something hits you. The goblin hits you with a +0 dagger.
The orc hits you from afar with a +0 trident.
You hit the goblin.
The goblin is almost dead.
You miss something. Something hits you.
* * * LOW HITPOINT WARNING * * *
The goblin hits you with a +0 dagger.
* * * LOW HITPOINT WARNING * * *
The orc hits you from afar with a +0 trident.
* * * LOW HITPOINT WARNING * * *
Something hits you but does no damage.
You slash the goblin!
You kill the goblin!
You hit something.
The orc hits you from afar with a +0 trident.
* * * LOW HITPOINT WARNING * * *
Something hits you.
Things that are here:
a +0 dagger; a goblin corpse You closely miss something.
Something hits you but does no damage.
You barely miss something. Something hits you but does no damage.
You closely miss something. Something hits you.
Something hits you but does no damage.
You hit something.
You hear some strange, mumbled words.
You are confused.
You bump into the rock wall.
Something hits you but does no damage.
You completely miss something.
You hear some strange, mumbled words.
A puff of flame appears from out of thin air!
The puff of flame hits you!
* * * LOW HITPOINT WARNING * * *
You bump into the rock wall.
Something hits you but does no damage.
You miss something. Something hits you.
You die...

#####'###..##.#..* *..........
..................##### .........
########.#..#.#......., #........
......).......#......, #........
########'##..##.....,, *#........
...........#.###... ** #........
...........#..##...######..g.....
...........##.##.#......K........
.....†.....##..#@#.....g.........
.............#.#{#.....o..####+##
.............#.#o#........#### *
.............#)Kg#.............
.............##..#..o.....####.*
.............##..#.......># ,
...........####.>..o.........,,*
...........# #######.#######* ,
...........# #.# *


You could see an orc, a hobgoblin and a kobold.

Vanquished Creatures
  An adder (D:2)
  An ufetubus (D:2)
  2 dart slugs (D:1)
  6 orcs (D:2)
  4 endoplasms
  3 goblins
  2 hobgoblins
  2 jackals (D:1)
  6 ball pythons
  3 bats (D:1)
  A frilled lizard (D:2)
  A rat (D:1)
32 creatures vanquished.

Vanquished Creatures (others)
  4 plants (D:1)
4 creatures vanquished.

Grand Total: 36 creatures vanquished

Notes
Turn   | Place    | Note
-------+----------+-------------------------------------------
     0 | D:1      | Strat the Deep Dwarf Fighter began the quest for the Orb.
     0 | D:1      | Reached XP level 1. HP: 20/20 MP: 1/1
   135 | D:1      | Found Pumyfas's Assorted Antiques.
   195 | D:1      | Reached XP level 2. HP: 18/27 MP: 2/2
   346 | D:1      | Found a faded altar of an unknown god.
   564 | D:2      | Reached XP level 3. HP: 30/33 MP: 2/2
   886 | D:2      | HP: 1/34 [something/puff of flame (11)]
   888 | D:2      | Slain by an orc wizard

Illustrated notes

Levels and vault maps discovered:
D:1:      minmay_arrival_glassed_features, layout_loops_ring, serial_forest,
          infiniplex_forest_3_way, infiniplex_forest_clump_medium,
          infiniplex_forest_3_way, infiniplex_forest_clump_cross,
          infiniplex_forest_end_1, infiniplex_forest_clump_medium, serial_shops,
          shop, hellmonk_ecumenical_altar_pennies_from_heaven,
          grunt_decor_fettered
D:2:      layout_basic

Skill      XL: |  1  2  3 |
---------------+----------+-----
Axes           | 3 |  3.3
Fighting       | 3 |  3.0
Armour         | |  3.7
Shields        | |  3.7

Action                   || total
-------------------------++-------
Melee: War axe           ||    98
 Abil: Heal Wounds       ||     1
Armor: Scale mail        ||    75
Dodge: Dodged            ||    67
